 Dungeon Crawl Stone Soup version 0.32-a0-893-gf85d74f360 (webtiles) character file.

Game seed: 9169286362123605157

4008 ezpacito the Chopper (level 10, -7/69 (76) HPs)
             Began as a Coglin Chaos Knight on Apr 3, 2024.
             Was a Plaything of Xom.
             Mangled by a wight
             ... wielding a +4 dire flail
              (8 damage)
             ... on level 8 of the Dungeon.
             The game lasted 00:15:02 (9249 turns).

ezpacito the Chopper (Coglin Chaos Knight)          Turns: 9249, Time: 00:15:03

HP:   -7/69 (76)    AC:  7    Str: 16 (17) XL:     10   Next: 23%
MP:   11/11         EV: 12    Int: 11 (12) God:    Xom [..*...]
Gold: 376           SH:  0    Dex: 10 (11) Spells: 5/14 levels left

rFire   + . .        a - +0 hand axe (chaos) {Somchai}
rCold   + + .        e - +2 whip (holy) {Karolin}
rNeg    . . .        b - +0 steam dragon scales
rPois   .            (helmet restricted)
rElec   .            x - scarf {rC+ rF+}
rCorr   .            (no gloves)
SInv    .            r - +0 pair of boots
Will    .....        (amulet unavailable)
Stlth   ++           (ring unavailable)
HPRegen 0.31/turn    (ring unavailable)
MPRegen 0.12/turn    (no gizmo)

%: no passive effects
@: hasted, drained, revved, very quick
A: off-hand wielding, slow wielding, warmup strikes, no jewellery, beak, clumsy
1, cold resistance 1, [deterioration 2], [low MP 2], [screaming 1], [inability
to drink after injury 1]
a: Invent Gizmo, Renounce Religion


You were on level 8 of the Dungeon.
You worshipped Xom.
You were a toy of Xom.
You visited 2 branches of the dungeon, and saw 9 of its levels.
You visited the Abyss 1 time.

You collected 376 gold pieces.

Inventory:

Hand Weapons
 a - a +0 hand axe of chaos (weapon) {Somchai}
 e - a +2 whip of holy wrath (offhand) {Karolin}
 k - a +0 war axe
 y - a +0 spear
Missiles
 d - 28 poisoned darts (quivered)
Armour
 b - +0 steam dragon scales (worn)
 c - a +0 helmet
 r - a +0 pair of boots (worn)
 x - a scarf of resistance (worn)
 z - a +0 plate armour
Magical Staves
 m - a staff of conjuration
Talismans
 s - a blade talisman
 D - a serpent talisman
Wands
 w - a wand of polymorph (9)
 A - a wand of paralysis (4)
Scrolls
 f - a scroll of silence
 g - 4 scrolls of immolation
 n - 2 scrolls of revelation
 o - a scroll of fear {unknown}
 t - a scroll of teleportation
 u - 2 scrolls of vulnerability {unknown}
 B - a scroll of fog {unknown}
 C - 5 scrolls of noise
 E - 3 scrolls of amnesia
Potions
 h - a potion of haste
 i - a potion of attraction {unknown}
 l - a potion of enlightenment


   Skills:
 * Level 6.1 Fighting
 * Level 6.2(7.1) Axes
 * Level 4.6(5.9) Polearms
 * Level 5.1 Armour
 * Level 5.0 Dodging
 + Level 3.2 Stealth
 + Level 2.9 Spellcasting
 + Level 1.5 Conjurations
 + Level 1.4 Earth Magic
 + Level 3.5 Alchemy
 + Level 4.0 Evocations
 + Level 1.1 Shapeshifting


You had 5 spell levels left.
You knew the following spells:

 Your Spells              Type           Power      Damage    Failure   Level
a - Irradiate             Conj/Alch      3%         3d12      95%         5
c - Petrify               Alch/Erth      7%         N/A       67%         4

Your spell library contained the following spells:

 Spells                   Type           Power      Damage    Failure   Level
 Momentum Strike          Conj/Tloc      6%         3d8       28%         2
 Blink                    Tloc           2%         N/A       38%         2
 Lesser Beckoning         Tloc           2%         N/A       38%         2
 Sublimation of Blood     Necr           1%         N/A       38%         2


Dungeon Overview and Level Annotations

Branches:
Dungeon (8/15)             Temple (1/1) D:5
   Lair: D:8-11

Altars:
Ashenzari
Cheibriados
Elyvilon
Fedhas
Gozag
Hepliaklqana
Kikubaaqudgha
Nemelex Xobeh
Okawaru
Ru
Sif Muna
Trog
Uskayaw
Vehumet
Wu Jian
Xom
Yredelemnul
Zin


Innate Abilities, Weirdness & Mutations

You can wield a second weapon in your off-hand.
It takes a long time for you to wield or remove held weapons.
Your first few attacks do less damage.
You cannot equip rings or amulets.
You have a beak for a mouth.
You are clumsy. (Dex -2)
Your flesh is cold resistant. (rC+)
[Your body often deteriorates upon taking damage.]
[Your magical capacity is very low. (-20% MP)]
[You occasionally shout uncontrollably at your foes.]
[You occasionally lose the ability to drink potions when taking damage.]


Message History

You take 33 damage, and have 22/71 hp.
MASSIVE DAMAGE!!
You feel better. The wight hits you with a +3 dagger.
The water moccasin barely misses you. The wight barely misses you.
You regained 3 hp, and now have 25/71 hp.
You feel yourself speed up. The wight hits you with a +3 dagger.
* * * LOW HITPOINT WARNING * * *
You feel drained.
The water moccasin completely misses you.
The wight closely misses you. The wight hits you but does no damage.
The water moccasin bites you but does no damage.
You take 6 damage, and have 19/69 hp.
You feel better. The wight closely misses you. The water moccasin bites you.
The wight misses you.
You regained 5 hp, and now have 24/69 hp.
You hit the water moccasin with your +2 whip of holy wrath.
You kill the water moccasin!
You hit the wight with your +0 hand axe of chaos.
Lightning courses through the wight!
You barely miss the wight with your +0 hand axe of chaos.
The wight hits you with a +3 dagger.
Your Dodging skill increases to level 5!
You take 1 damage, and have 23/71 hp.
Found a stone staircase leading down.
The wight hits you with a +4 dire flail!
* * * LOW HITPOINT WARNING * * *
Your body deteriorates!
You feel weakened. The wight hits you but does no damage.
You take 14 damage, and have 9/71 hp.
Okay, then.
You hit the wight but do no damage.
The wight is moderately damaged.
You hit the wight with your +0 hand axe of chaos.
The wight convulses.
You hit the wight with your +2 whip of holy wrath.
The wight convulses.
The wight hits you with a +3 dagger.
* * * LOW HITPOINT WARNING * * *
You feel drained.
* * * LOW HITPOINT WARNING * * *
The wight hits you with a +4 dire flail!
You die...

#.#.#....#.##.##
#.#.######.##.# . #...#
#....# .. #########
###### ...
#.......###### ....
#.#####.##...#
.....##....##.##...####
......z....##..|...'..#
......z@)..#####...##.##
..........## #...##...
####.#.#..... #########
#.#.....#.# # #
###....... # ........
### ....... #.. ....>..
#.. #..


You could see 2 wights.

Vanquished Creatures
  2 large abominations (Abyss:1)
  Psyche (D:8)
  A ynoxinul (Abyss:1)
  A neqoxec (Abyss:1)
  3 steam dragons
  A water moccasin (D:8)
  4 hell hounds (Abyss:1)
  A sky beast (D:7)
  2 ogres
  An ice beast (D:7)
  A centaur (D:7)
  A kobold brigand (D:6)
  A scorpion (shapeshifter) (D:5)
  A bullfrog (D:6)
  2 scorpions (D:5)
  A ballistomycete (D:6)
  A wight (D:8)
  4 jellies
  3 hounds
  3 iguanas (D:6)
  4 orc priests
  2 gnoll boudas
  2 sleepcaps
  Terence (D:2)
  4 orc wizards
  Robin (D:3)
  11 gnolls
  8 adders
  2 shadow imps
  A white imp (D:5)
  2 dart slugs
  3 ribbon worms (D:2)
  24 orcs
  15 endoplasms
  3 giant cockroaches
  15 goblins
  15 hobgoblins
  3 jackals
  2 quokkas
  8 ball pythons
  12 bats
  6 frilled lizards
  22 kobolds
  10 rats
211 creatures vanquished.

Vanquished Creatures (collateral kills)
  A kobold brigand (D:6)
  An orc wizard (D:7)
  A ball python (D:1)
  A bat (D:1)
  A rat (D:1)
5 creatures vanquished.

Vanquished Creatures (others)
  An orc warrior (D:7)
  2 bat zombies
  3 starspawn tentacles (Abyss:1)
6 creatures vanquished.

Grand Total: 222 creatures vanquished

Notes
Turn   | Place    | Note
-------+----------+-------------------------------------------
     0 | D:1      | ezpacito the Coglin Chaos Knight began the quest for the
                  | Orb.
     0 | D:1      | Reached XP level 1. HP: 18/18 MP: 1/1
    44 | D:1      | Reached skill level 1 in Dodging
    44 | D:1      | Reached XP level 2. HP: 21/24 MP: 2/2
   386 | D:1      | Reached XP level 3. HP: 29/29 MP: 3/3
   794 | D:1      | Found a faded altar of an unknown god.
  1100 | D:2      | Reached XP level 4. HP: 35/35 MP: 4/4
  1236 | D:2      | Reached skill level 1 in Polearms
  1422 | D:2      | XOM: cloud trail
  1467 | D:2      | XOM: potion effect (heal wounds)
  1612 | D:2      | XOM: god gift: 18 gold pieces
  1662 | D:2      | Reached XP level 5. HP: 41/41 MP: 6/6
  1745 | D:2      | Reached skill level 1 in Stealth
  1891 | D:2      | Learned a level 4 spell: Petrify
  1921 | D:3      | Reached skill level 1 in Spellcasting
  2009 | D:3      | Noticed Robin
  2010 | D:3      | Noticed Terence
  2026 | D:2      | XOM: silly message
  2032 | D:2      | HP: 2/41 [Terence/+0 falchion (6)]
  2034 | D:2      | Killed Terence
  2160 | D:3      | Killed Robin
  2328 | D:3      | XOM: smoke on damage
  2343 | D:3      | Reached XP level 6. HP: 16/48 MP: 7/7
  2383 | D:3      | XOM: divination: detect items
  2432 | D:3      | XOM: divination: detect creatures
  2526 | D:3      | XOM: 1-stop teleportation journey
  2704 | D:3      | XOM: cloud trail
  3022 | D:4      | XOM: 2-stop teleportation journey
  3068 | D:4      | XOM: noise
  3099 | D:4      | XOM: enchant monster (good)
  3565 | D:4      | XOM: confusion (+ monsters)
  3568 | D:4      | Reached skill level 1 in Alchemy
  3568 | D:4      | Reached skill level 1 in Evocations
  3568 | D:4      | Reached XP level 7. HP: 54/54 MP: 7/9
  4037 | D:5      | Entered Level 5 of the Dungeon
  4108 | D:5      | a scorpion changed into a shapeshifter
  4108 | D:5      | Noticed a shapeshifter (shapeshifter)
  4108 | D:5      | XOM: polymorph scorpion -> shapeshifter
  4109 | D:5      | a shapeshifter changed into a scorpion
  4240 | D:5      | Found a staircase to the Ecumenical Temple.
  4318 | D:5      | XOM: enchant monster (good)
  4320 | D:5      | XOM: 2-stop teleportation journey
  4323 | Temple   | XOM: noise
  4323 | Temple   | Entered the Ecumenical Temple
  4339 | D:5      | XOM: god gift: embroidered scarf {god gift}
  4516 | D:5      | XOM: 6-stop teleportation journey
  4687 | D:5      | XOM: silly message
  4822 | D:5      | XOM: cleaving
  5050 | D:5      | XOM: cloud trail
  5355 | D:6      | Reached XP level 8. HP: 54/61 MP: 10/10
  5472 | D:6      | XOM: god gift: encrusted glass wand {god gift}
  6090 | D:6      | XOM: summons friendly quasit
  6105 | D:6      | Reached skill level 5 in Axes
  6105 | D:6      | XOM: smoke on damage
  6432 | D:6      | Reached skill level 5 in Fighting
  6516 | D:6      | XOM: confuse monster(s)
  6906 | D:7      | XOM: god gift: potion of mutation
  6907 | D:7      | Reached XP level 9. HP: 68/68 MP: 12/12
  7016 | D:7      | XOM: god gift: serpent talisman
  7056 | D:7      | Learned a level 5 spell: Irradiate
  7238 | D:7      | XOM: summons 3 hostile demons
  7271 | D:7      | XOM: 1-stop teleportation journey
  7410 | D:7      | XOM: 3-stop teleportation journey
  7753 | D:7      | XOM: silly message
  7890 | D:7      | XOM: give mutations
  7890 | D:7      | Gained mutation: Your system is resistant to poisons.
                  | (rPois) [Xom's mischief]
  7890 | D:7      | Gained mutation: [Your body sometimes deteriorates upon
                  | taking damage.] [Xom's mischief]
  7890 | D:7      | Gained mutation: You are clumsy. (Dex -2) [Xom's mischief]
  7890 | D:7      | Gained mutation: [Your body often deteriorates upon taking
                  | damage.] [Xom's mischief]
  7891 | D:7      | Lost mutation: Your system is resistant to poisons. (rPois)
                  | [potion of mutation]
  7891 | D:7      | Lost mutation: [Your body often deteriorates upon taking
                  | damage.] [potion of mutation]
  7891 | D:7      | Gained mutation: You are very clumsy. (Dex -4) [potion of
                  | mutation]
  7891 | D:7      | Gained mutation: Armour fits poorly on your strangely
                  | shaped body. [potion of mutation]
  7892 | D:7      | Lost mutation: [Your body sometimes deteriorates upon
                  | taking damage.] [potion of mutation]
  7892 | D:7      | Lost mutation: Armour fits poorly on your strangely shaped
                  | body. [potion of mutation]
  7892 | D:7      | Lost mutation: You are very clumsy. (Dex -4) [potion of
                  | mutation]
  7892 | D:7      | Gained mutation: Your flesh is cold resistant. (rC+)
                  | [potion of mutation]
  7901 | D:7      | XOM: give mutation
  7901 | D:7      | Gained mutation: You have a beak for a mouth. [Xom's
                  | mischief]
  8215 | D:8      | Noticed Psyche
  8220 | D:8      | XOM: butterfly on damage
  8221 | Abyss:1  | Cast into level 1 of the Abyss (Psyche)
  8386 | Abyss:1  | XOM: god gift: scroll labelled ATUSSI PIME {god gift}
  8398 | Abyss:1  | Noticed a wretched star
  8401 | Abyss:1  | Found a corrupted altar of Lugonu.
  8402 | Abyss:1  | Noticed an apocalypse crab
  8406 | Abyss:1  | Noticed a tentacled starspawn
  8416 | Abyss:1  | Noticed a demonic crawler
  8446 | Abyss:1  | Noticed a large abomination
  8505 | Abyss:1  | Noticed a large abomination
  8511 | Abyss:1  | XOM: cleaving
  8514 | Abyss:1  | Killed a large abomination
  8518 | Abyss:1  | XOM: smoke on damage
  8526 | Abyss:1  | Noticed a large abomination
  8536 | Abyss:1  | Reached skill level 1 in Conjurations
  8536 | Abyss:1  | Reached skill level 1 in Earth Magic
  8536 | Abyss:1  | XOM: potion effect (might)
  8545 | Abyss:1  | Killed a large abomination
  8546 | Abyss:1  | Reached skill level 1 in Shapeshifting
  8546 | Abyss:1  | Reached XP level 10. HP: 19/76 MP: 9/11
  8548 | D:8      | Escaped the Abyss
  8550 | D:8      | Killed Psyche
  8551 | D:8      | Reached skill level 5 in Armour
  8644 | D:8      | XOM: god gift: 13 gold pieces
  8882 | D:8      | XOM: god gift: 7 stones
  8967 | D:8      | XOM: cast spell 'Cause Fear'
  9248 | D:8      | Reached skill level 5 in Dodging
  9249 | D:8      | HP: 3/71 [wight/+3 dagger (6)]
  9249 | D:8      | HP: 1/69 [wight/+3 dagger (2)]
  9249 | D:8      | Mangled by a wight

Illustrated notes

Levels and vault maps discovered:
D:1:      heliophobic_arrival_glass_houses, layout_basic, basic_ecumenical_altar
D:2:      minmay_thinvault, layout_loops_cross
D:3:      layout_rooms, uniq_terence, uniq_robin
D:4:      layout_basic
D:5:      layout_loops_corners, minmay_temple_entry_poolview
D:6:      layout_loops_ring, nicolae_letterblocks [nicolae_letter_subblock,
          nicolae_letter_subblock, nicolae_letter_subblock,
          nicolae_letter_subblock, nicolae_letter_subblock,
          nicolae_letter_subblock, nicolae_letter_subblock,
          nicolae_letter_subblock, nicolae_letter_subblock,
          nicolae_letter_subblock, nicolae_letter_subblock,
          nicolae_letter_subblock, nicolae_letter_subblock,
          nicolae_letter_subblock, nicolae_letter_subblock,
          nicolae_letter_subblock, nicolae_letter_subblock,
          nicolae_letter_subblock, nicolae_letter_subblock,
          nicolae_letter_subblock, nicolae_letter_subblock,
          nicolae_letter_subblock, nicolae_letter_subblock,
          nicolae_letter_subblock, nicolae_letter_subblock]
D:7:      layout_layer_cave
D:8:      layout_basic, uniq_psyche
Temple:   eino_narrow_crystal_temple

Skill      XL: |  1  2  3  4  5  6  7  8  9 10 |
---------------+-------------------------------+-----
Armour         | 2 3 4 5 |  5.1
Dodging        | 1 2 3 4 5 |  5.0
Polearms       | 1 2 3 4 |  4.6
Stealth        | 1 2 3 |  3.2
Spellcasting   | 1 2 |  2.9
Axes           | 4 5 6 |  6.2
Fighting       | 4 5 6 |  6.1
Alchemy        | 1 2 3 |  3.5
Evocations     | 1 2 3 4 |  4.0
Conjurations   | 1 |  1.5
Earth Magic    | 1 |  1.4
Shapeshifting  | 1 |  1.1

Action                     |  1- 3 |  4- 6 |  7- 9 | 10-12 || total
---------------------------+-------+-------+-------+-------++-------
  Melee: Hand axe          |    60 |   176 |   281 |    34 ||   551
         Dagger            |     4 |       |       |       ||     4
         Whip              |    54 |   163 |   280 |    39 ||   536
         Peck              |       |       |     8 |    11 ||    19
         Unarmed           |       |       |     1 |       ||     1
  Throw: Dart              |       |       |     1 |       ||     1
  Evoke: Wand              |       |     1 |     6 |       ||     7
    Use: Scroll            |       |     6 |    13 |       ||    19
         Potion            |       |     2 |     8 |     3 ||    13
   Stab: Confused          |     2 |       |     4 |       ||     6
         Sleeping          |     1 |     2 |     1 |       ||     4
         Petrifying        |     1 |       |     1 |       ||     2
         Distracted        |       |     1 |     1 |       ||     2
         Paralysed         |       |     4 |     8 |       ||    12
         Held in net/web   |       |       |     1 |       ||     1
         Petrified         |       |       |       |     2 ||     2
 Armour: Leather armour    |    45 |   137 |   175 |       ||   357
         Plate armour      |       |       |    32 |    28 ||    60
         Skin              |       |       |     1 |       ||     1
         Steam dragon scal |       |       |       |    37 ||    37
  Dodge: Dodged            |    46 |   107 |   129 |    28 ||   310

Table legend: (Time is in decaauts)
 A = Elapsed time spent in this place.
 B = Non-inter-level travel time spent in this place.
 C = Inter-level travel time spent in this place.
 D = Time resting spent in this place.
 E = Time spent auto-exploring this place.
 F = Levels seen in this place.
 G = Mean time per level.
                   A        B        C        D        E       F      G
               +--------+--------+--------+--------+--------+-----+--------+
         Total |   9238 |   8878 |    360 |    959 |   6470 |  10 |  923.8 |
       Dungeon |   8760 |   8400 |    360 |    654 |   6461 |   8 | 1095.0 |
        Temple |    178 |    178 |      0 |    174 |      0 |   1 |  178.0 |
         Abyss |    300 |    300 |      0 |    131 |      9 |   1 |  300.0 |
               +--------+--------+--------+--------+--------+-----+--------+

Top non-repeatable levels by time:
     D:6: 1479 daAuts
     D:7: 1327 daAuts
     D:4: 1246 daAuts
     D:2: 1158 daAuts
     D:5: 1157 daAuts
     D:1: 963 daAuts
     D:8: 739 daAuts
     D:3: 687 daAuts
 Abyss:1: 300 daAuts
  Temple: 178 daAuts
